 Dungeon Crawl Stone Soup version 0.22.0-5-gf09313c (webtiles) character file.

430226 Canard the Wrestler (level 23, -17/216 HPs)
             Began as a Ghoul Gladiator on Aug 12, 2018.
             Was the Champion of Makhleb.
             Hit by a large rock thrown by a stone giant (28 damage)
             ... on level 5 of the Vaults on Aug 13, 2018.
             The game lasted 03:46:06 (47529 turns).

Canard the Wrestler (Ghoul Gladiator)              Turns: 47529, Time: 03:46:07

Health: -17/216    AC: 31    Str: 26    XL:     23   Next: 89%
Magic:  34/34      EV:  9    Int:  2    God:    Makhleb [******]
Gold:   3073       SH:  9    Dex: 10    Spells: 20/22 levels left

rFire    + . .     SeeInvis +     - Unarmed
rCold    + . .     Gourm    .   N - +3 buckler "Husat" {+Blink}
rNeg     + + +     Faith    .   r - +3 plate armour {MR+}
rPois    ∞         Spirit   .   o - +0 helmet "Pinuozie" {SInv} (curse)
rElec    .         Reflect  .   A - +2 cloak
rCorr    .         Harm     .   W - +2 pair of gloves {archery}
MR       ++++.                  b - +2 pair of boots {run}
Stlth    ..........             U - necklace of Bloodlust {*Rage +Rage MR++ Int-3 Slay+6 *Curse} (curse)
HPRegen  0.00/turn              K - ring of protection from fire
MPRegen  0.24/turn              (no ring)

@: very slightly contaminated, rotting, slowed, invisible, very slow
A: rotting body, claws 1, carnivore, cold resistance 1, negative energy
resistance 3, inhibited regeneration, torment resistance, unbreathing
}: 2/15 runes: barnacled, gossamer
a: Minor Destruction, Lesser Servant of Makhleb, Major Destruction, Greater
Servant of Makhleb, Renounce Religion, Evoke Blink


You were on level 5 of the Vaults.
You worshipped Makhleb.
Makhleb was exalted by your worship.
You were not hungry.

You visited 8 branches of the dungeon, and saw 40 of its levels.
You also visited: Labyrinth, Ice Cave and Desolation.

You collected 4937 gold pieces.
You spent 1864 gold pieces at shops.

Inventory:

Missiles
 a - 22 javelins of returning (quivered)
 d - 4 throwing nets
 j - 20 steel javelins
 u - 6 silver javelins
 w - 4 poisoned javelins
Armour
 b - a +2 pair of boots of running (worn)
   (You found it on level 3 of the Lair of Beasts)
 o - the cursed +0 helmet "Pinuozie" (worn) {SInv}
   (You found it on level 4 of the Spider Nest)

   It lets you see invisible.
   It has a curse placed upon it.
 r - a +3 plate armour of magic resistance (worn)
   (You found it in the Desolation of Salt)
 A - a +2 cloak (worn)
   (You found it on level 13 of the Dungeon)
 E - a +0 shield of reflection
   (You found it in the Desolation of Salt)
 N - the +3 buckler "Husat" (worn) {+Blink}
   (You acquired it on level 2 of the Vaults)

   It lets you blink.
 W - a +2 pair of gloves of archery (worn)
   (You acquired it on level 4 of the Lair of Beasts)
Jewellery
 I - the ring of Ulogu {-Tele rElec rC+ Slay+5 SInv}
   (You took it off a frost giant on level 3 of the Vaults)

   [ring of protection from cold]

   It affects your accuracy and damage with ranged weapons and melee attacks
   (+5).
   It protects you from cold.
   It insulates you from electricity.
   It lets you see invisible.
   It prevents most forms of teleportation.
 K - a ring of protection from fire (left hand)
   (You found it on level 2 of the Lair of Beasts)
 O - a +4 ring of evasion
   (You found it on level 3 of the Elven Halls)
 P - an uncursed ring of resist corrosion
   (You found it on level 10 of the Dungeon)
 U - the cursed necklace of Bloodlust (around neck) {*Rage +Rage MR++ Int-3 Slay+6 *Curse}
   (You found it in an ice cave)

   [amulet of rage]

   It affects your intelligence (-3).
   It affects your accuracy and damage with ranged weapons and melee attacks
   (+6).
   It affects your resistance to hostile enchantments.
   It lets you go berserk.
   It may make you go berserk in combat.
   It curses itself when equipped.
   It has a curse placed upon it.
 Y - the ring of the Queen {Int+6 Dex+2 SInv}
   (You took it off a centaur on level 2 of the Vaults)

   [ring of see invisible]

   It affects your intelligence (+6).
   It affects your dexterity (+2).
   It lets you see invisible.
Wands
 y - a wand of clouds (5)
   (You found it on level 3 of the Lair of Beasts)
 C - a wand of acid (36)
   (You found it on level 6 of the Dungeon)
 D - a wand of iceblast (35)
   (You found it on level 2 of the Spider Nest)
 H - a wand of digging (10)
   (You found it on level 3 of the Vaults)
Scrolls
 h - 3 scrolls of torment {summon/torment, unknown}
 l - 5 scrolls of enchant armour
 p - 11 scrolls of immolation
 q - 21 scrolls of remove curse
 t - 13 scrolls of teleportation
 J - 7 scrolls of fog
 Q - 5 scrolls of fear
 V - 7 scrolls of magic mapping
 X - 9 scrolls of identify
 Z - 2 scrolls of silence
Potions
 e - 3 potions of heal wounds
 i - 4 potions of might
 k - 14 potions of curing
 s - 6 potions of agility
 x - 2 potions of flight
 z - 5 potions of haste
 L - 4 potions of cancellation
 M - 4 potions of ambrosia
Miscellaneous
 f - 5 sacks of spiders
 g - a phial of floods
   (You found it on level 11 of the Dungeon)
 G - a lamp of fire
   (You found it on level 3 of the Elven Halls)
 S - a lightning rod (4/4)
   (You found it in an ice cave)
 T - a fan of gales
   (You found it on level 2 of the Spider Nest)
Comestibles
 c - 68 rations


   Skills:
 + Level 20.3 Fighting
 - Level 16.0 Throwing
 + Level 13.4 Armour
 - Level 4.0 Dodging
 - Level 5.0 Stealth
 * Level 11.1 Shields
 - Level 23.0 Unarmed Combat
 - Level 16.0 Invocations
 - Level 8.0 Evocations


You had 20 spell levels left.
You knew the following spells:

 Your Spells              Type           Power        Failure   Level  Hunger
a - Passwall              Tmut/Erth      #.......     100%        2    ###....

Your spell library contained the following spells:

 Spells                   Type           Power        Failure   Level  Hunger
 Cause Fear               Hex            #.........   100%        4    #####..
 Magic Dart               Conj           #...         99%         1    ##.....
 Fireball                 Conj/Fire      #.........   100%        5    ######.
 Apportation              Tloc           #.....       99%         1    ##.....
 Bolt of Fire             Conj/Fire      #.........   100%        6    #######
 Bolt of Cold             Conj/Ice       #.........   100%        6    #######
 Lightning Bolt           Conj/Air       #.........   100%        5    ######.
 Bolt of Magma            Conj/Fire/Erth #.........   100%        5    ######.
 Slow                     Hex            #.......     100%        2    ###....
 Confuse                  Hex            #.......     100%        3    ####...
 Invisibility             Hex            #.......     100%        6    #######
 Controlled Blink         Tloc           N/A          100%        8    #######
 Freezing Cloud           Conj/Ice/Air   #.........   100%        6    #######
 Ring of Flames           Chrm/Fire      #.........   100%        7    #######
 Olgreb's Toxic Radiance  Pois           #.......     100%        4    #####..
 Summon Small Mammal      Summ           #...         99%         1    ##.....
 Lehudib's Crystal Spear  Conj/Erth      #.........   100%        8    #######
 Fire Storm               Conj/Fire      #.........   100%        9    #######
 Iskenderun's Mystic Bla  Conj           #.......     100%        4    #####..
 Summon Horrible Things   Summ           #.........   100%        8    #######
 Ozocubu's Refrigeration  Ice            #.........   100%        6    #######
 Summon Ice Beast         Ice/Summ       #.......     100%        4    #####..
 Call Imp                 Summ           #.......     100%        2    ###....
 Poison Arrow             Conj/Pois      #.........   100%        6    #######
 Tukima's Dance           Hex            #.......     100%        3    ####...
 Summon Demon             Summ           #.........   100%        5    ######.
 Summon Greater Demon     Summ           #.........   100%        7    #######
 Iron Shot                Conj/Erth      #.........   100%        6    #######
 Stone Arrow              Conj/Erth      #.....       100%        3    ####...
 Swiftness                Chrm/Air       #.......     100%        2    ###....
 Recall                   Summ/Tloc      N/A          100%        3    ####...
 Spider Form              Tmut/Pois      #.........   100%        3    ####...
 Statue Form              Tmut/Erth      #........    100%        6    #######
 Ice Form                 Ice/Tmut       #.......     100%        4    #####..
 Deflect Missiles         Chrm/Air       #.........   100%        6    #######
 Glaciate                 Conj/Ice       #.........   100%        9    #######
 Shadow Creatures         Summ           N/A          100%        6    #######
 Ignite Poison            Fire/Tmut/Pois #.......     100%        3    ####...
 Call Canine Familiar     Summ           #.......     100%        3    ####...
 Ensorcelled Hibernation  Hex/Ice        #.....       100%        2    ###....
 Metabolic Englaciation   Hex/Ice        #.........   100%        5    ######.
 Summon Butterflies       Summ           #.......     99%         1    ##.....
 Silence                  Hex/Air        #.........   100%        5    ######.
 Shatter                  Erth           #.........   100%        9    #######
 Dispersal                Tloc           #.........   100%        6    #######
 Static Discharge         Conj/Air       #.......     100%        3    ####...
 Corona                   Hex            #......      99%         1    ##.....
 Alistair's Intoxication  Tmut/Pois      #.......     100%        5    ######.
 Lee's Rapid Deconstruct  Erth           #.........   100%        5    ######.
 Sandblast                Erth           #.....       99%         1    ##.....
 Simulacrum               Ice/Necr       #.........   100%        6    #######
 Conjure Ball Lightning   Conj/Air       #.........   100%        6    #######
 Chain Lightning          Conj/Air       #.........   100%        8    #######
 Portal Projectile        Hex/Tloc       #.....       100%        3    ####...
 Monstrous Menagerie      Summ           #.........   100%        7    #######
 Petrify                  Tmut/Erth      #.......     100%        4    #####..
 Malign Gateway           Summ/Tloc      #.........   100%        7    #######
 Tornado                  Air            #.........   100%        9    #######
 Leda's Liquefaction      Hex/Erth       #.........   100%        4    #####..
 Summon Hydra             Summ           #.........   100%        7    #######
 Shroud of Golubria       Chrm/Tloc      #.........   100%        2    ###....
 Inner Flame              Hex/Fire       #.......     100%        3    ####...
 Aura of Abjuration       Summ           #.........   100%        5    ######.
 Disjunction              Tloc           #.........   100%        8    #######
 Fulminant Prism          Conj/Hex       #.........   100%        4    #####..
 Dazzling Spray           Conj/Hex       #.....       100%        3    ####...
 Force Lance              Conj/Tloc      #.......     100%        4    #####..
 Song of Slaying          Chrm           #.......     100%        2    ###....
 Searing Ray              Conj           #.....       100%        2    ###....
 Summon Forest            Summ/Tloc      #.........   100%        5    ######.
 Summon Lightning Spire   Summ/Air       #.......     100%        4    #####..
 Summon Guardian Golem    Hex/Summ       #.......     100%        3    ####...
 Summon Mana Viper        Hex/Summ       #.......     100%        5    ######.
 Gell's Gravitas          Tloc           #.........   100%        3    ####...
 Lesser Beckoning         Tloc           #.........   100%        3    ####...
 Ignition                 Fire           #.........   100%        8    #######


Dungeon Overview and Level Annotations

Branches:
Dungeon (15/15)            Temple (1/1) D:5            Lair (6/6) D:10
 Shoals (4/4) Lair:2       Spider (4/4) Lair:2        Slime (0/5) Lair:6
    Orc (2/2) D:10            Elf (3/3) Orc:2        Vaults (5/5) D:14
  Crypt (0/3) Vaults:3     Depths (0/5) D:15

Altars:
Ashenzari
Cheibriados
Dithmenos
Elyvilon
Fedhas
Gozag
Hepliaklqana
Kikubaaqudgha
Makhleb
Nemelex Xobeh
Okawaru
Qazlal
Ru
Sif Muna
Trog
Uskayaw
Vehumet
Wu Jian
Xom
Yredelemnul
Zin
The Shining One
Beogh
Jiyva

Shops:
Orc:2 ([*[(   Elf:1 [   Shoals:2 %   Shoals:4 }   Vaults:1 (   Vaults:2 :

Portals:
Trove: D:13 (give 18 scrolls of identify)

Annotations:
D:10 2 runed doors, Rwicked's ghost, journeyman KoHu


Innate Abilities, Weirdness & Mutations

Your body is rotting away.
You thrive on raw meat.
You are immune to poison.
You have sharp fingernails.
You are carnivorous and can eat meat at any time.
Your flesh is cold resistant. (rC+)
You are immune to negative energy. (rN+++)
You do not regenerate when monsters are visible.
You are immune to unholy pain and torment.
You can survive without breathing.


Message History

Your blizzard demon hits the golden dragon!
Your blizzard demon hits the golden dragon but does no damage.
The stone giant is engulfed in poison gas.
The stone giant is poisoned.
The stone giant hits you!
* * * LOW HITPOINT WARNING * * *
Huge Dmg: -10%(-22hp) hp: 6%(11hp) Blink to where?
Press: ? - help, Dir - move target cursor
As you read the scroll of blinking, it crumbles to dust.
Your blizzard demon gestures at the golden dragon.
The bolt of lightning hits the golden dragon.
The golden dragon resists.
Blink to where?
Press: ? - help, Dir - move target cursor
As you read the scroll of blinking, it crumbles to dust.
A stone giant and a deep elf elementalist come into view.
The deep elf elementalist shouts!
The deep elf elementalist points at you and mumbles some strange words.
The stone giant throws a large rock.
The large rock hits you!!
You die... . #....# .pEp

... #....#....
##..#....#..###
#...#..........
...............
###.........#####
......<<.........
.....<..<........
......<@.........
........§§§......
###...).§§§#####
......†§§§§......
....#)).)#.......
....#..)(#.......
... #..)(#..C....
.. #§)))#.Ce....
#.)()#.......


You could see a titan, a stone giant and a deep elf elementalist.

Vanquished Creatures
  Mara (Vaults:2)
  A golden dragon (Vaults:5)
  Saint Roka (Orc:2)
  Nikola (Shoals:2)
  A tentacled monstrosity (Vaults:5)
  Asterion (Vaults:2)
  Rupert (D:14)
  4 titans (Vaults:5)
  2 deep elf master archers (Elf:3)
  3 deep elf blademasters
  The ghost of Ynyr the Spry, an adept MfSk of Okawaru (Vaults:1)
  A shadow dragon (Vaults:5)
  Kirke (Lair:6)
  2 sphinxes
  Roxanne (Shoals:3)
  A storm dragon (Vaults:5)
  3 tengu reavers
  A fire giant (Vaults:5)
  25 vault wardens
  A frost giant (Vaults:3)
  An orc warlord (Vaults:3)
  4 ghost moths
  2 imperial myrmidons (Desolation)
  4 emperor scorpions
  5 deep elf sorcerers
  9 deep elf elementalists
  7 ironheart preservers
  A war gargoyle (Vaults:5)
  4 stone giants
  4 very ugly things
  3 entropy weavers
  2 deep elf annihilators (Elf:3)
  A spark wasp (Spider:2)
  5 deep elf demonologists
  A minotaur (Lab)
  3 halazid warlocks (Desolation)
  3 ettins
  Snorg (Orc:1)
  7 merfolk impalers
  7 deep elf death magi
  4 merfolk javelineers (Shoals:4)
  3 fire dragons
  Josephine (Lair:4)
  5 ragged hierophants (Desolation)
  8 servants of whispers (Desolation)
  Fannar (Lair:1)
  Erolcha (D:12)
  6 deep elf high priests (Elf:3)
  5 great orbs of eyes
  The ghost of raikaria the Fighter, a journeyman DrVM of Uskayaw (Lair:3)
  6 yaktaur captains
  31 vault guards
  9 peacekeepers (Desolation)
  6 hydras
  A rakshasa (Vaults:2)
  5 merfolk avatars
  8 centaur warriors
  6 merfolk aquamancers
  3 death knights
  22 two-headed ogres
  29 dancing weapons
  3 death yaks (Lair:4)
  2 orc high priests
  6 ogre magi
  A queen ant (Spider:2)
  Urug (D:14)
  A small abomination (Elf:3)
  33 deep elf knights
  3 large abominations (Vaults:5)
  A shadow wraith (Vaults:1)
  4 skeletal warriors (Vaults:2)
  26 deep elf archers
  2 flayed ghosts
  17 sea snakes
  5 unseen horrors
  6 wizards
  19 ironbrand convokers
  A harpy (shapeshifter) (Vaults:1)
  A frost giant zombie (Vaults:2)
  12 orc knights
  26 harpies
  2 phantasmal warriors
  2 necromancers (Vaults:2)
  A stone giant zombie (Vaults:2)
  2 orc sorcerers
  A tengu zombie (Vaults:2)
  26 ugly things
  15 orb spiders
  22 wolf spiders
  2 salamanders (shapeshifter)
  11 elephants
  2 oklob plants
  2 cyclopes (D:12)
  3 fauns
  A fire giant zombie (Vaults:2)
  98 deep elf magi
  16 manticores
  A stone giant skeleton (Vaults:2)
  A frost giant skeleton (Vaults:2)
  8 merfolk sirens
  6 black mambas
  2 guardian serpents
  2 centaur zombies
  Joseph (D:8)
  A torpor snail (Spider:2)
  A black mamba (shapeshifter) (D:15)
  17 vault sentinels
  Psyche (D:11)
  2 molten gargoyles (Desolation)
  A spiny frog (shapeshifter) (Elf:1)
  7 water nymphs
  Maurice (D:11)
  4 centaur skeletons
  2 gargoyles
  A rime drake (shapeshifter) (Vaults:4)
  16 spiny frogs
  5 komodo dragons
  18 demonic crawlers
  41 yaktaurs
  2 kobold demonologists (D:14)
  An efreet (D:9)
  5 freezing wraiths
  40 merfolk
  A queen bee (shapeshifter) (Vaults:1)
  A human skeleton (Vaults:2)
  18 jumping spiders
  A troll (shapeshifter) (D:15)
  3 meliai (D:15)
  A polar bear (Lair:3)
  9 trolls
  17 hornets
  Grinder (D:3)
  62 saltlings (Desolation)
  2 blink frogs (Lair:6)
  2 blink frogs (shapeshifter)
  3 wind drakes
  6 dream sheep (Lair:6)
  25 slime creatures
  12 snapping turtles
  A harpy skeleton (D:15)
  A hippogriff (shapeshifter) (Vaults:2)
  20 hippogriffs
  48 redbacks
  2 spriggans
  A vampire (D:15)
  5 air elementals
  12 wyverns
  6 wraiths
  A spriggan (shapeshifter) (D:12)
  6 shadows
  A redback (shapeshifter) (Vaults:2)
  21 water elementals
  13 tarantellas
  A tarantella (shapeshifter) (Vaults:3)
  A human (shapeshifter) (Vaults:5)
  10 yaks
  2 fire elementals (Elf:3)
  15 humans (D:14)
  A hungry ghost (D:8)
  A golden eye (shapeshifter) (D:15)
  A basilisk (D:9)
  3 hogs (Lair:6)
  A human simulacrum (Vaults:2)
  9 vampire mosquitoes
  2 soldier ants (Spider:2)
  3 wargs
  A soldier ant (shapeshifter) (D:15)
  An acid dragon (D:15)
  21 water moccasins
  2 hell hounds (Lair:5)
  9 porcupines
  2 porcupines (shapeshifter)
  4 sky beasts
  A necrophage (D:11)
  11 ice beasts
  2 eyes of draining (shapeshifter)
  An eye of draining (D:9)
  38 orc warriors
  4 phantoms
  23 ogres
  8 boggarts
  3 wolves (Lair:3)
  32 centaurs
  An elf skeleton (Vaults:2)
  8 crocodiles
  A human zombie (Vaults:2)
  10 big kobolds
  14 bullfrogs
  2 earth elementals
  2 wyvern skeletons
  2 wyvern zombies (D:12)
  9 scorpions
  6 killer bees (D:11)
  A water moccasin skeleton (D:8)
  14 wights
  3 electric eels
  4 howler monkeys
  4 bullfrog zombies
  4 crimson imps
  4 jellies
  2 quasits
  28 orc priests
  Crazy Yiuf (D:4)
  5 bullfrog skeletons
  8 hounds
  A jelly (shapeshifter) (Vaults:5)
  28 orc wizards
  Natasha (thrice) (D:3)
  8 iguanas
  21 worker ants
  2 hell rats
  3 hound zombies
  8 gnolls
  13 adders
  5 river rats (Lair:3)
  2 shadow imps
  12 white imps
  3 oozes
  3 adder skeletons
  An adder zombie (D:5)
  10 worms
  3 dart slugs
  6 leopard geckos
  106 orcs
  A bat (D:2)
  5 giant cockroaches
  7 goblins
  6 hobgoblins
  3 jackals
  43 kobolds
  5 quokkas
  A frilled lizard (D:1)
  15 rats
  3 crawling corpses
  2 plants
1828 creatures vanquished.

Vanquished Creatures (collateral kills)
  A titan (Vaults:5)
  A storm dragon (Vaults:5)
  A fire giant (Vaults:5)
  Ilsuiw (Shoals:2)
  A stone giant (Vaults:5)
  A deep elf annihilator (Vaults:5)
  2 large abominations (Vaults:5)
  5 merfolk impalers
  4 hydras
  An alligator snapping turtle (Shoals:2)
  An orc high priest (Orc:2)
  A deep elf knight (Vaults:2)
  A sea snake (Shoals:2)
  An orc knight (Vaults:3)
  3 harpies (Shoals:3)
  An oklob plant (Shoals:2)
  A wolf spider (Spider:4)
  2 manticores
  A deep elf mage (D:12)
  2 vault sentinels (Vaults:5)
  2 ice statues (IceCv)
  A spiny frog (Lair:5)
  A komodo dragon (Lair:1)
  2 trolls
  7 merfolk
  4 jumping spiders
  A hippogriff (Lair:5)
  5 redbacks
  A spriggan (Lair:3)
  A tarantella (Spider:4)
  A wyvern (Lair:6)
  A vampire mosquito (D:12)
  A water moccasin (Lair:6)
  An ice beast (IceCv)
  An orc warrior (Orc:2)
  3 centaurs
  A wolf (Lair:3)
  A jelly (D:12)
  4 orcs
  A crawling corpse (Vaults:5)
72 creatures vanquished.

Vanquished Creatures (others)
  A deep elf knight (Elf:3)
  A water elemental (Shoals:2)
  13 fungi
  19 plants
34 creatures vanquished.

Grand Total: 1934 creatures vanquished

Notes
Turn   | Place    | Note
-------+----------+-------------------------------------------
     0 | D:1      | Canard the Ghoul Gladiator began the quest for the Orb.
     0 | D:1      | Reached XP level 1. HP: 17/17 MP: 0/0
   153 | D:1      | Reached XP level 2. HP: 24/25 MP: 1/1
   224 | D:1      | Reached skill level 4 in Unarmed Combat
   230 | D:1      | Reached XP level 3. HP: 22/30 MP: 2/2
   823 | D:2      | Reached XP level 4. HP: 36/38 MP: 3/3
  1295 | D:2      | Reached skill level 5 in Unarmed Combat
  1465 | D:2      | Reached XP level 5. HP: 11/45 MP: 4/4
  1744 | D:3      | Found a sacrificial altar of Ru.
  1787 | D:3      | Noticed Grinder
  1799 | D:3      | Killed Grinder
  1799 | D:3      | Reached skill level 6 in Unarmed Combat
  1799 | D:3      | Reached XP level 6. HP: 51/52 MP: 5/5
  2026 | D:3      | Found an opulent altar of Gozag.
  2026 | D:3      | Found a blossoming altar of Fedhas.
  2027 | D:3      | Found a glowing silver altar of Zin.
  2055 | D:3      | Reached skill level 7 in Unarmed Combat
  2213 | D:3      | Noticed Natasha
  2217 | D:3      | Killed Natasha
  2217 | D:3      | Reached XP level 7. HP: 50/60 MP: 6/6
  2239 | D:3      | Found a hide-covered altar of Uskayaw.
  2309 | D:3      | Noticed Natasha
  2315 | D:3      | Killed Natasha
  2380 | D:3      | Noticed Natasha
  2387 | D:3      | Killed Natasha
  2768 | D:4      | Reached skill level 8 in Unarmed Combat
  2999 | D:4      | Found a blossoming altar of Fedhas.
  3145 | D:4      | Found a runed door.
  3149 | D:4      | Noticed Crazy Yiuf
  3154 | D:4      | Killed Crazy Yiuf
  3397 | D:5      | Entered Level 5 of the Dungeon
  3443 | D:5      | Reached skill level 5 in Fighting
  3465 | D:5      | Found an ornate altar of the Wu Jian Council.
  3556 | D:5      | Reached XP level 8. HP: 32/69 MP: 7/7
  3636 | D:5      | Found a white marble altar of Elyvilon.
  3907 | D:5      | Found a staircase to the Ecumenical Temple.
  3915 | Temple   | Entered the Ecumenical Temple
  3967 | Temple   | Became a worshipper of Makhleb the Destroyer
  4317 | D:6      | Reached skill level 9 in Unarmed Combat
  4630 | D:6      | Reached skill level 10 in Unarmed Combat
  4654 | D:6      | Reached skill level 1 in Invocations
  4891 | D:6      | Reached * piety under Makhleb
  5060 | D:6      | Reached XP level 9. HP: 49/78 MP: 9/9
  5587 | D:7      | Found a glowing golden altar of the Shining One.
  6238 | D:8      | Reached skill level 11 in Unarmed Combat
  6314 | D:8      | Found a shimmering altar of Xom.
  6704 | D:8      | Reached ** piety under Makhleb
  6704 | D:8      | Reached skill level 1 in Evocations
  6807 | D:8      | Reached XP level 10. HP: 81/90 MP: 12/12
  7001 | D:8      | Noticed Joseph
  7091 | D:8      | Killed Joseph
  8055 | D:9      | Reached *** piety under Makhleb
  8466 | D:8      | Reached skill level 12 in Unarmed Combat
  8744 | D:9      | Reached skill level 1 in Armour
  8775 | D:9      | Found a shattered altar of Ashenzari.
  8781 | D:9      | Reached XP level 11. HP: 99/99 MP: 8/13
  9057 | D:9      | Reached skill level 5 in Invocations
  9083 | D:9      | Reached skill level 10 in Fighting
  9223 | D:10     | Entered Level 10 of the Dungeon
  9356 | D:10     | Found a runed door.
  9464 | D:10     | Found a runed door.
  9464 | D:10     | Noticed a frost giant
  9465 | D:10     | Noticed a skeletal warrior
  9465 | D:10     | Noticed a storm dragon
  9465 | D:10     | Noticed a necromancer
  9465 | D:10     | Noticed a lich
  9466 | D:10     | Noticed Rwicked's ghost (journeyman KoHu)
  9578 | D:10     | Found a staircase to the Lair.
  9914 | D:10     | Reached **** piety under Makhleb
  9977 | D:10     | Found a staircase to the Orcish Mines.
 10126 | D:11     | Noticed a seven-headed hydra
 10141 | D:11     | Noticed a cyan ugly thing
 10208 | D:11     | Learned a level 2 spell: Passwall
 10281 | D:10     | Reached skill level 13 in Unarmed Combat
 10319 | Lair:1   | Entered Level 1 of the Lair of Beasts
 10403 | Lair:1   | Noticed Fannar
 10447 | Lair:1   | Killed Fannar
 10988 | Lair:1   | Reached skill level 14 in Unarmed Combat
 11247 | Lair:2   | Found a labyrinth entrance.
 11260 | Lab      | Entered a labyrinth
 11319 | Lab      | Reached XP level 12. HP: 85/105 MP: 15/15
 11545 | Lab      | Noticed a minotaur
 11561 | Lab      | Killed a minotaur
 11561 | Lab      | Reached skill level 5 in Throwing
 11575 | Lab      | Got a crude scale mail
 11587 | Lab      | Identified the cursed +1 scale mail of Cheibriados's Envy {rN++ Str-5 Stlth+} (You found it in a labyrinth)
 11721 | Lair:2   | Found a staircase to the Shoals.
 12111 | Lair:2   | You fall through a shaft for 2 floors!
 12317 | Lair:4   | Noticed Josephine
 12367 | Lair:4   | Killed Josephine
 12774 | Lair:3   | Found a runed door.
 12776 | Lair:3   | Noticed a spriggan rider
 12844 | Lair:3   | Noticed raikaria's ghost (journeyman DrVM)
 12853 | Lair:3   | Noticed an eight-headed hydra
 12865 | Lair:3   | Killed an eight-headed hydra
 13255 | Lair:3   | Noticed a four-headed hydra
 13268 | Lair:3   | Killed a four-headed hydra
 13268 | Lair:3   | Reached skill level 5 in Armour
 13386 | Lair:4   | Identified a scroll of acquirement
 13428 | Lair:4   | Noticed a death yak
 13428 | Lair:4   | Noticed a death yak
 13451 | Lair:4   | Killed a death yak
 13471 | Lair:4   | Reached XP level 13. HP: 112/118 MP: 17/17
 14238 | Lair:5   | Found a frozen archway.
 14307 | IceCv    | Entered an ice cave
 14311 | IceCv    | Reached ***** piety under Makhleb
 14340 | IceCv    | Found a transporter.
 14447 | IceCv    | Found the cursed necklace of Bloodlust {*Rage +Rage MR++ Int-3 Slay+6 *Curse}
 14449 | IceCv    | Found a transporter.
 14872 | Lair:5   | Reached skill level 15 in Unarmed Combat
 15507 | Lair:6   | Entered Level 6 of the Lair of Beasts
 15675 | Lair:6   | Found a staircase to the Slime Pits.
 15675 | Lair:6   | Found a viscous altar of Jiyva.
 15702 | Lair:6   | Noticed Kirke
 15732 | Lair:6   | Killed Kirke
 15732 | Lair:6   | Reached skill level 10 in Invocations
 16011 | Lair:6   | Reached XP level 14. HP: 127/127 MP: 20/20
 16766 | Lair:2   | Found a hole to the Spider Nest.
 17467 | D:10     | Reached skill level 16 in Unarmed Combat
 17524 | D:11     | Noticed Maurice
 17613 | D:11     | Killed Maurice
 18006 | D:11     | Noticed Psyche
 18012 | D:11     | Killed Psyche
 18602 | D:12     | Found a shimmering altar of Xom.
 18765 | D:12     | Found a runed door.
 18906 | D:12     | Found a runed door.
 19163 | D:13     | Noticed Erolcha
 19170 | D:12     | Killed Erolcha
 19659 | D:13     | Found a portal to a secret trove of treasure.
 19818 | D:13     | Reached ****** piety under Makhleb
 19859 | D:13     | Noticed a red very ugly thing
 19871 | D:13     | Killed a red very ugly thing
 19871 | D:13     | Reached XP level 15. HP: 138/138 MP: 23/23
 20111 | D:14     | Found a gate to the Vaults.
 20111 | D:14     | Noticed Rupert
 20111 | D:14     | Noticed Urug
 20680 | D:14     | Identified the +3 ring mail "Qyriosch" {rPois} (You found it on level 14 of the Dungeon)
 20808 | D:14     | Killed Urug
 20967 | D:14     | Killed Rupert
 21049 | Orc:1    | Entered Level 1 of the Orcish Mines
 21195 | Orc:1    | Noticed Snorg
 21202 | Orc:1    | Killed Snorg
 21203 | Orc:1    | Found a roughly hewn altar of Beogh.
 21390 | Orc:2    | Entered Level 2 of the Orcish Mines
 21449 | Orc:2    | Found a staircase to the Elven Halls.
 21652 | Orc:2    | Noticed Saint Roka
 21814 | Orc:1    | Found a roughly hewn altar of Beogh.
 21966 | Orc:2    | Found a roughly hewn altar of Beogh.
 21974 | Orc:2    | Found Angoumas's Weapon Shop.
 22077 | Orc:2    | Found Jam Fuz's General Store.
 22120 | Orc:2    | Found a roughly hewn altar of Beogh.
 22163 | Orc:2    | Bought 2 potions of heal wounds for 130 gold pieces
 22274 | Orc:2    | Found a roughly hewn altar of Beogh.
 22369 | Orc:2    | Found a roughly hewn altar of Beogh.
 22370 | Orc:2    | Found Geujiukh's Antique Armour Boutique.
 22465 | Orc:2    | Killed Saint Roka
 22564 | Orc:2    | Found a roughly hewn altar of Beogh.
 22621 | Orc:2    | Found Siriemiq's Antique Armour Shoppe.
 22622 | Orc:2    | Found a roughly hewn altar of Beogh.
 22631 | Orc:2    | Found Eghaax's Antique Weapon Emporium.
 22833 | Orc:2    | Found a roughly hewn altar of Beogh.
 23007 | Spider:1 | Entered Level 1 of the Spider Nest
 23013 | Spider:1 | Reached skill level 5 in Evocations
 23850 | Orc:2    | Bought a potion of curing for 39 gold pieces
 23850 | Orc:2    | Bought a potion of curing for 39 gold pieces
 24133 | Spider:2 | Reached XP level 16. HP: 147/147 MP: 0/25
 24146 | Spider:2 | Lost intelligence.
 25930 | Spider:4 | Entered Level 4 of the Spider Nest
 26029 | Spider:4 | Reached skill level 15 in Invocations
 26036 | Spider:4 | Reached skill level 15 in Fighting
 26053 | Spider:4 | Identified the cursed +0 helmet "Pinuozie" {SInv} (You found it on level 4 of the Spider Nest)
 26677 | Spider:4 | Reached skill level 17 in Unarmed Combat
 26868 | Spider:4 | Reached skill level 10 in Armour
 27033 | Spider:4 | Reached XP level 17. HP: 103/156 MP: 5/27
 27208 | Spider:4 | Got a gossamer rune of Zot
 27337 | Shoals:1 | Entered Level 1 of the Shoals
 28209 | Shoals:1 | Reached skill level 1 in Shields
 29233 | Shoals:2 | Noticed Ilsuiw
 29243 | Shoals:2 | Killed Ilsuiw
 29568 | Shoals:2 | Found Obotain's Food Boutique.
 29817 | Shoals:2 | Noticed Nikola
 29836 | Shoals:2 | Killed Nikola
 30598 | Shoals:3 | Noticed Roxanne
 30610 | Shoals:3 | Reached skill level 18 in Unarmed Combat
 31251 | Shoals:4 | Entered Level 4 of the Shoals
 31656 | Shoals:3 | Killed Roxanne
 31656 | Shoals:3 | Reached XP level 18. HP: 143/165 MP: 28/28
 33686 | Shoals:4 | Reached skill level 10 in Throwing
 33765 | Shoals:4 | Found Raek's Gadget Shoppe.
 33951 | Shoals:4 | Got a barnacled rune of Zot
 34132 | Lair:3   | Killed raikaria's ghost
 34148 | Lair:3   | Identified a +0 pair of boots of running (You found it on level 3 of the Lair of Beasts)
 34167 | Lair:3   | Upgraded the game from 0.22.0-1-g6561e4c to 0.22.0-5-gf09313c
 34281 | Elf:1    | Entered Level 1 of the Elven Halls
 34384 | Elf:1    | Found Guagrici's Antique Armour Shop.
 35155 | Orc:2    | Reached XP level 19. HP: 152/176 MP: 30/30
 36497 | Elf:2    | Found a runed gate.
 36497 | Elf:2    | Found a runed gate.
 36497 | Elf:2    | Found a runed gate.
 37869 | Elf:3    | Entered Level 3 of the Elven Halls
 38664 | Elf:3    | Reached XP level 20. HP: 189/189 MP: 31/31
 38906 | Elf:3    | Reached skill level 1 in Stealth
 39407 | Elf:3    | Got a bound glass ring
 39409 | Elf:3    | Identified the ring of Xom's Fair Game {Int+4 Stlth-} (You took it off a deep elf high priest on level 3 of the Elven Halls)
 39450 | Elf:3    | Reached skill level 5 in Shields
 39503 | Elf:3    | Identified the Handbook of the Slime-mould
 39510 | Elf:3    | Identified the ring "Plog" {Ice rElec Str+4} (You found it on level 3 of the Elven Halls)
 39565 | Elf:3    | Identified the +1 pair of boots "Gonumir" {*Drain Str+5} (You found it on level 3 of the Elven Halls)
 39765 | D:15     | Entered Level 15 of the Dungeon
 40630 | D:15     | Reached skill level 19 in Unarmed Combat
 40725 | D:15     | Found a staircase to the Depths.
 40813 | Vaults:1 | Entered Level 1 of the Vaults
 41675 | Vaults:1 | Found a runed door.
 41675 | Vaults:1 | Noticed Ynyr's ghost (adept MfSk)
 41705 | Vaults:1 | Killed Ynyr's ghost
 41705 | Vaults:1 | Reached XP level 21. HP: 170/198 MP: 32/32
 41887 | Vaults:1 | Found Ijubynti's Antique Weapon Emporium.
 41973 | Vaults:1 | Reached skill level 5 in Stealth
 42099 | Vaults:2 | Noticed Mara
 42110 | Vaults:2 | Noticed Canard's illusion
 42118 | Vaults:2 | Killed Mara
 42181 | Vaults:2 | Got a fine buckler
 42192 | Vaults:2 | Identified the +3 buckler "Husat" {+Blink} (You acquired it on level 2 of the Vaults)
 42210 | Vaults:2 | Found Othakyb's Book Shop.
 42282 | Vaults:2 | Bought a manual of Unarmed Combat for 1656 gold pieces
 42451 | Vaults:2 | Identified the ring of the Queen {Int+6 Dex+2 SInv} (You took it off a centaur on level 2 of the Vaults)
 42627 | Vaults:2 | Noticed Asterion
 42643 | Vaults:2 | Killed Asterion
 43025 | Vaults:2 | Reached skill level 20 in Unarmed Combat
 43978 | Vaults:3 | Identified the ring of Ulogu {-Tele rElec rC+ Slay+5 SInv} (You took it off a frost giant on level 3 of the Vaults)
 44098 | Vaults:3 | Found a ruined gateway.
 44157 | Desolati | Entered the Desolation of Salt
 44321 | Desolati | Reached XP level 22. HP: 209/209 MP: 33/33
 44354 | Desolati | Identified the ring "Qecett" {rElec rPois MP+9 Int-5 SInv} (You took it off an ironbrand convoker in the Desolation of Salt)
 44373 | Desolati | Identified the Handbook of the Flamy Entourage
 44380 | Desolati | Identified the amulet "Corulipp" {Harm *Drain Str+2} (You found it in the Desolation of Salt)
 44495 | Desolati | Reached skill level 21 in Unarmed Combat
 44905 | Desolati | Found the +6 arbalest "Damnation" {damnation}
 44909 | Desolati | Got a coiled turquoise ring
 44910 | Desolati | Identified the ring of Doubt {*Tele Str+4 Stlth-} (You found it in the Desolation of Salt)
 44949 | Desolati | Got a coiled iron amulet
 44950 | Desolati | Identified the amulet of the Endless Expanse {+Rage rPois MR+ Int-4 Dex+2} (You found it in the Desolation of Salt)
 45086 | Desolati | Identified the Reference Book on the Assistive Entourage
 45090 | Desolati | Identified the Tome of Supportive Heat
 45569 | Vaults:3 | Found a staircase to the Crypt.
 45569 | Vaults:3 | Found a basalt altar of Yredelemnul.
 45570 | Vaults:3 | Found an ancient bone altar of Kikubaaqudgha.
 45798 | Vaults:3 | Reached skill level 22 in Unarmed Combat
 46476 | Vaults:4 | Reached skill level 15 in Throwing
 46892 | Vaults:4 | Found the -2 hat of the Alchemist {rElec rPois rF+ rC+ rN+ MR+ rMut rCorr}
 47009 | Vaults:4 | Reached XP level 23. HP: 215/215 MP: 34/34
 47184 | Vaults:5 | Entered Level 5 of the Vaults
 47278 | Vaults:5 | Noticed a golden dragon
 47340 | Vaults:5 | Killed a golden dragon
 47342 | Vaults:5 | Reached skill level 10 in Shields
 47372 | Vaults:5 | Reached skill level 23 in Unarmed Combat
 47513 | Vaults:5 | Noticed a golden dragon
 47529 | Vaults:5 | Hit by a large rock thrown by a stone giant

Skill      XL: |  1  2  3  4  5  6  7  8  9 10 11 12 13 14 15 16 17 18 19 20 21 22 23 |
---------------+----------------------------------------------------------------------+-----
Unarmed Combat | 4 5 6 7 8 10 11 12 14 15 16 17 18 19 20 22 23 | 23.0
Fighting       | 3 4 5 6 8 9 10 12 14 15 16 17 18 19 20 | 20.3
Dodging        | 3 4 |  4.0
Invocations    | 2 4 5 7 10 12 14 15 16 | 16.0
Evocations     | 2 4 5 7 8 |  8.0
Throwing       | 4 6 8 9 10 12 13 15 16 | 16.0
Armour         | 1 4 5 7 8 10 11 12 13 | 13.4
Shields        | 4 5 7 9 11 | 11.1
Stealth        | 4 5 |  5.0

Action                   |  1- 3 |  4- 6 |  7- 9 | 10-12 | 13-15 | 16-18 | 19-21 | 22-24 || total
-------------------------+-------+-------+-------+-------+-------+-------+-------+-------++-------
Melee: Unarmed           |    62 |   108 |   366 |   682 |  1200 |  1362 |  1403 |   938 ||  6121
       Punch             |       |     3 |    14 |    48 |    94 |    45 |       |       ||   204
 Fire: Blowgun           |       |       |       |    35 |     2 |     4 |       |       ||    41
Throw: Throwing net      |       |     1 |       |       |       |       |       |       ||     1
       Tomahawk          |       |       |       |     5 |    58 |    79 |       |       ||   142
       Javelin           |       |       |       |       |     8 |   117 |   332 |    40 ||   497
Invok: Minor Destruction |       |       |       |    14 |     9 |    17 |     2 |       ||    42
       Lesser Servant of |       |       |       |     8 |    30 |    29 |     6 |       ||    73
       Major Destruction |       |       |       |       |     4 |     1 |       |       ||     5
       Greater Servant o |       |       |       |       |       |     4 |       |     8 ||    12
 Abil: Evoke Blink       |       |       |       |       |       |       |     3 |     2 ||     5
Evoke: Wand              |       |       |       |     8 |    15 |     5 |     1 |     5 ||    34
       Sack of spiders   |       |       |       |       |     1 |     1 |       |       ||     2
       Fan of gales      |       |       |       |       |       |     1 |       |       ||     1
       Phial of floods   |       |       |       |       |       |     1 |       |       ||     1
  Use: Scroll            |       |       |    15 |     7 |    14 |    10 |     9 |     6 ||    61
       Potion            |       |       |       |     6 |     1 |     1 |       |     7 ||    15
 Stab: Distracted        |       |       |       |     2 |     3 |     4 |       |     3 ||    12
       Sleeping          |       |       |       |     3 |     3 |       |       |       ||     6
  Eat: Chunk             |     8 |    18 |    31 |   101 |   186 |   263 |   116 |    21 ||   744
Armor: Leather armour    |     9 |    12 |    42 |    30 |       |       |       |       ||    93
       Troll leather arm |       |       |       |    97 |   133 |       |       |       ||   230
       Robe              |       |       |       |       |    11 |       |       |       ||    11
       Ring mail         |       |       |       |       |    74 |       |       |       ||    74
       Chain mail        |       |       |       |       |   194 |   932 |   469 |     3 ||  1598
       Plate armour      |       |       |       |       |       |       |       |   379 ||   379
Dodge: Dodged            |    38 |    43 |   152 |   360 |   650 |   672 |   453 |   357 ||  2725
       Deflected         |       |       |     1 |    34 |    31 |       |       |       ||    66
Block: Buckler           |       |       |       |       |       |   168 |   271 |   280 ||   719
